 Dungeon Crawl Stone Soup version 0.21.0-34-g9234887 (webtiles) character file.

18552 Inarius the Frost Mage (level 12, -1/100 HPs)
             Began as a Purple Draconian Ice Elementalist on Jan 29, 2018.
             Was a High Priest of Nemelex Xobeh.
             Slain by a phantasmal warrior (20 damage)
             ... on level 11 of the Dungeon.
             The game lasted 00:57:53 (16349 turns).

Inarius the Frost Mage (DrIE)                      Turns: 16349, Time: 00:57:54

Health: -1/100     AC: 13    Str: 14    XL:     12   Next: 28%
Magic:  18/22      EV: 13    Int: 22    God:    Nemelex Xobeh [*****.]
Gold:   218        SH:  4    Dex: 12    Spells: 13/25 levels left

rFire    . . .     SeeInvis .   w - +6 dagger (drain)
rCold    + . .     Gourm    .   S - +0 buckler
rNeg     . . .     Faith    .   (armour unavailable)
rPois    .         Spirit   .   r - +2 hat
rElec    +         Reflect  .   t - +2 cloak
rCorr    .         Harm     .   (no gloves)
MR       .....                  (no boots)
Stlth    ++........             I - amulet of magic regeneration
HPRegen  0.26/turn              d - +3 ring of strength
MPRegen  0.43/turn              v - ring of ice

@: vulnerable, studying Shields
A: breathe power, unfitting armour, clever 1, fire resistance 1, electricity
resistance, wild magic 1, cold-blooded, AC +8
a: Breathe Dispelling Energy, Triple Draw, Deal Four, Stack Five, Renounce
Religion


You were on level 11 of the Dungeon.
You worshipped Nemelex Xobeh.
Nemelex Xobeh was extremely pleased with you.
You were not hungry.

You visited 1 branch of the dungeon, and saw 11 of its levels.
You also visited: Ossuary and Bailey.

You collected 735 gold pieces.
You spent 517 gold pieces at shops.

Inventory:

Hand Weapons
 h - a +3 quarterstaff of chaos
 w - a +6 dagger of draining (weapon)
 D - a +2 long sword of protection
Armour
 r - a +2 hat (worn)
 t - a +2 cloak (worn)
 S - a +0 buckler (worn)
Jewellery
 d - a +3 ring of strength (left hand)
 j - an uncursed amulet of guardian spirit
 v - a ring of ice (right hand)
 E - an uncursed ring of positive energy
 I - an amulet of magic regeneration (around neck)
 O - an uncursed ring of protection from cold
 R - an uncursed ring of protection from magic
Wands
 y - a wand of iceblast (2)
 G - a wand of enslavement (12)
 K - a wand of paralysis (17)
 M - a wand of flame (64)
Scrolls
 f - 3 scrolls of remove curse
 k - 2 scrolls of identify
 l - 4 scrolls of teleportation
 m - 3 scrolls of fear
 o - a scroll of amnesia
 p - 5 scrolls of enchant armour
 q - 3 scrolls of blinking
 B - 3 scrolls of magic mapping
 F - 2 scrolls of immolation
 N - a scroll of fog
 Q - a scroll of holy word
 X - 3 scrolls of enchant weapon
Potions
 s - a potion of resistance
 u - a potion of lignification
 x - 2 potions of haste
 A - a potion of flight
 H - 3 potions of brilliance
 L - 2 potions of invisibility
 Z - a potion of curing
Books
 a - a book of Frost

   Spells                             Type                      Level
   a - Freeze                         Ice                          1
   b - Throw Frost                    Conjuration/Ice              2
   c - Ozocubu's Armour               Charms/Ice                   3
   d - Throw Icicle                   Conjuration/Ice              4
   e - Summon Ice Beast               Ice/Summoning                4
 U - a manual of Shields
Miscellaneous
 c - a plain deck of destruction
 e - a plain deck of destruction
 g - a plain deck of destruction
 n - a plain deck of escape
 C - a legendary deck of escape {drawn: 4}
 J - a legendary deck of destruction
 P - a plain deck of destruction
 T - a plain deck of summoning
 W - an ornate deck of summoning {drawn: 1}
Comestibles
 b - 21 rations
 i - 5 chunks of flesh


   Skills:
 - Level 7.0 Fighting
 - Level 4.1 Dodging
 - Level 1.7 Stealth
 * Level 3.7 Shields
 + Level 7.2 Spellcasting
 + Level 7.4 Conjurations
 + Level 3.5 Charms
 + Level 3.3 Summonings
 * Level 12.9 Ice Magic
 * Level 9.0 Invocations


You had 13 spell levels left.
You knew the following spells:

 Your Spells              Type           Power        Failure   Level  Hunger
a - Freeze                Ice            ####         1%          1    None
b - Ozocubu's Armour      Chrm/Ice       ######..     1%          3    None
c - Throw Icicle          Conj/Ice       #######.     2%          4    ###....
d - Summon Ice Beast      Ice/Summ       ######..     5%          4    ###....


Dungeon Overview and Level Annotations

Branches:
Dungeon (11/15)            Temple (0/1) D:4            Lair (0/6) D:9
    Orc (0/2) D:11

Altars:
Ashenzari
Cheibriados
Dithmenos
Elyvilon
Fedhas
Makhleb
Nemelex Xobeh
Okawaru
Qazlal
Trog
Vehumet
Xom
Yredelemnul
Zin
The Shining One
Beogh

Shops:
D:4 =   D:7 ?   D:8 (


Innate Abilities, Weirdness & Mutations

You can breathe bolts of dispelling energy.
Your rich purple scales are hard. (AC +8)
You cannot fit into any form of body armour.
You are cold-blooded and may be slowed by cold attacks.
Your mind is acute. (Int +2)
Your flesh is heat resistant. (rF+)
You are resistant to electric shocks. (rElec)
Your spells are a little harder to cast, but a little more powerful.


Message History

Casting: Throw Icicle
Confirm with . or Enter, or press ? or * to list all spells.
You feel a surge of power! A chill wind blows around you.
The phantasmal warrior blinks!
Your ice beast barely misses the phantasmal warrior.
Wield which item (- for none, * to show all)? (? for menu, Esc to quit)
You can't wield that with a shield.
You hit the phantasmal warrior but do no damage.
You tail-slap the phantasmal warrior, but do no damage.
The phantasmal warrior is lightly damaged.
The phantasmal warrior hits you!!
* * * LOW HITPOINT WARNING * * *
Your magical defenses are stripped away!
Unknown command.
Evoke which item? (* to show all) (? for menu, Esc to quit)
You draw a card...
It is the Cloud.
Nothing appears to happen.
Your ice beast hits the phantasmal warrior but does no damage.
The phantasmal warrior hits you!!
You die...
Your body glows with a rainbow of weird colours and disappears.

.# ##.......# #.#
<## #.......# #.#
#.###.......# #.#
##.########## #.#
#.## #.#
.########### #.#
## #..<....# #Y# #
#..#.##.# #W#
####..#.##.#####@#
......#..........#
####.#####.#######
#.#####.#
#.......#
#########


You could see a phantasmal warrior and a friendly ice beast.

Vanquished Creatures
  A fire giant (D:11)
  An ogre mage (D:9)
  A centaur warrior (D:9)
  Erolcha (D:11)
  A hydra (D:9)
  4 two-headed ogres
  An unseen horror (D:11)
  An ugly thing (D:11)
  A manticore (D:11)
  Psyche (D:8)
  A gargoyle (D:11)
  A troll (D:10)
  4 hippogriffs
  A shadow (D:9)
  2 steam dragons (D:10)
  3 hungry ghosts
  2 hell hounds (D:9)
  5 water moccasins
  2 ice beasts
  18 orc warriors
  5 necrophages
  An eye of draining (D:9)
  3 sky beasts
  A phantom (D:8)
  4 ogres
  12 centaurs
  6 bullfrogs
  3 wyvern zombies (Ossuary)
  2 scorpions
  2 killer bees (D:8)
  2 wights
  3 howler monkeys
  A crimson imp (D:11)
  A centaur zombie (Ossuary)
  6 bullfrog zombies
  Crazy Yiuf (D:3)
  6 hounds
  A jelly (D:6)
  A quasit (D:9)
  6 orc priests
  A centaur skeleton (D:10)
  5 iguanas
  Jessica (D:3)
  11 orc wizards
  13 worker ants
  2 killer bee zombies (Ossuary)
  4 hound zombies
  A hound skeleton (D:7)
  17 mummies
  5 worker ant zombies (Ossuary)
  9 adders
  2 shadow imps
  2 oozes
  5 adder zombies
  An adder skeleton (D:10)
  5 worms
  10 dart slugs
  6 leopard geckos
  82 orcs
  11 giant cockroaches
  16 goblins
  8 hobgoblins
  7 jackals
  4 quokkas
  7 bats
  9 frilled lizards
  A giant cockroach zombie (Ossuary)
  2 jackal zombies
  9 kobolds
  3 leopard gecko zombies
  11 rats
389 creatures vanquished.

Vanquished Creatures (collateral kills)
  An ugly thing (D:11)
  A rime drake (shapeshifter) (D:11)
  A hungry ghost (D:8)
  A black bear (D:8)
  The ghost of tidbits the Charmwright, an amateur GnSk (D:4)
  A killer bee (D:8)
  2 wights (D:6)
  A hound (D:11)
  4 gnolls (D:6)
  A jackal (D:8)
14 creatures vanquished.

Vanquished Creatures (others)
  An ogre (D:8)
  2 withered plants (Ossuary)
3 creatures vanquished.

Grand Total: 406 creatures vanquished

Notes
Turn   | Place    | Note
-------+----------+-------------------------------------------
     0 | D:1      | Inarius the Draconian Ice Elementalist began the quest for the Orb.
     0 | D:1      | Reached XP level 1. HP: 14/14 MP: 3/3
   366 | D:1      | Reached XP level 2. HP: 20/20 MP: 0/5
   918 | D:1      | Reached XP level 3. HP: 26/26 MP: 6/6
   943 | D:1      | Learned a level 3 spell: Ozocubu's Armour
  1279 | D:1      | Reached skill level 4 in Ice Magic
  2016 | D:2      | Reached XP level 4. HP: 30/33 MP: 2/7
  2351 | D:2      | Found a sparkling altar of Nemelex Xobeh.
  2355 | D:2      | Became a worshipper of Nemelex Xobeh the Trickster
  2452 | D:2      | Found a glowing silver altar of Zin.
  2558 | D:2      | Received a gift from Nemelex Xobeh
  2855 | D:3      | Found a sparkling altar of Nemelex Xobeh.
  2861 | D:3      | Reached XP level 5. HP: 38/38 MP: 5/9
  2951 | D:3      | Found an iron altar of Okawaru.
  3062 | D:3      | Learned a level 4 spell: Throw Icicle
  3233 | D:3      | Noticed Jessica
  3238 | D:3      | Killed Jessica
  3238 | D:3      | Reached skill level 5 in Ice Magic
  3238 | D:3      | Reached skill level 1 in Invocations
  3456 | D:3      | Found a runed door.
  3488 | D:3      | Noticed Crazy Yiuf
  3495 | D:3      | Killed Crazy Yiuf
  3639 | D:4      | Reached XP level 6. HP: 31/46 MP: 5/11
  3781 | D:4      | Found Zatofeuj's Jewellery Boutique.
  3798 | D:4      | Noticed a water moccasin
  3831 | D:4      | Killed a water moccasin
  3831 | D:4      | Reached skill level 1 in Fighting
  4126 | D:4      | Found a basalt altar of Yredelemnul.
  4147 | D:4      | Found a staircase to the Ecumenical Temple.
  4172 | D:4      | Reached skill level 1 in Charms
  4181 | D:4      | Reached skill level 6 in Ice Magic
  4181 | D:4      | Your scales start taking on a rich purple colour.
  4181 | D:4      | Reached skill level 5 in Spellcasting
  4181 | D:4      | Reached XP level 7. HP: 39/52 MP: 9/14
  4623 | D:4      | Reached * piety under Nemelex Xobeh
  5249 | D:4      | Noticed tidbits's ghost (amateur GnSk)
  5581 | D:5      | Entered Level 5 of the Dungeon
  5781 | D:5      | Found a sand-covered staircase.
  5788 | Ossuary  | Entered an ossuary
  5924 | Ossuary  | Reached XP level 8. HP: 37/62 MP: 13/16
  5965 | Ossuary  | Reached skill level 7 in Ice Magic
  6371 | Ossuary  | HP: 3/63 [something (3)]
  6660 | D:5      | Reached skill level 8 in Ice Magic
  6961 | D:5      | Received a gift from Nemelex Xobeh
  7344 | D:6      | Learned a level 4 spell: Summon Ice Beast
  7654 | D:6      | Found a glowing golden altar of the Shining One.
  7661 | D:6      | Reached ** piety under Nemelex Xobeh
  7702 | D:6      | Reached XP level 9. HP: 64/71 MP: 1/17
  8026 | D:6      | Reached skill level 5 in Invocations
  9274 | D:4      | Bought an uncursed amulet of magic regeneration for 420 gold pieces
  9332 | D:4      | Killed tidbits's ghost
  9450 | D:7      | Found Maesik's Magic Scroll Shop.
  9565 | D:7      | Reached skill level 1 in Summonings
  9613 | D:8      | Reached skill level 9 in Ice Magic
  9708 | D:8      | Reached skill level 5 in Fighting
  9709 | D:8      | Received a gift from Nemelex Xobeh
  9785 | D:8      | Noticed Psyche
  9796 | D:8      | Paralysed by something for 3 turns
  9814 | D:8      | Killed Psyche
 10062 | D:8      | Reached XP level 10. HP: 81/81 MP: 6/18
 10206 | D:8      | Found Vipeh's Antique Weapon Shop.
 10530 | D:9      | Found a staircase to the Lair.
 10621 | D:9      | Reached *** piety under Nemelex Xobeh
 10643 | D:9      | HP: 1/82 [something (22)]
 10812 | D:9      | Noticed a two-headed ogre
 10928 | D:9      | Found a blossoming altar of Fedhas.
 11001 | D:9      | Reached skill level 10 in Ice Magic
 11040 | D:9      | Found a snail-covered altar of Cheibriados.
 11263 | D:9      | Found a stormy altar of Qazlal.
 11272 | D:9      | Found a radiant altar of Vehumet.
 11272 | D:9      | Found a shadowy altar of Dithmenos.
 11273 | D:9      | Found a bloodstained altar of Trog.
 11274 | D:9      | Found a shimmering altar of Xom.
 11275 | D:9      | Found a burning altar of Makhleb.
 11277 | D:9      | Found a white marble altar of Elyvilon.
 11371 | D:9      | Received a gift from Nemelex Xobeh
 11419 | D:9      | Noticed a centaur warrior
 11448 | D:9      | Killed a centaur warrior
 11448 | D:9      | Reached skill level 5 in Conjurations
 11654 | D:9      | Killed a two-headed ogre
 11681 | D:9      | Found a large runed door.
 11682 | D:9      | Found a large runed door.
 11696 | D:9      | Noticed a five-headed hydra
 11699 | D:9      | Killed a five-headed hydra
 11699 | D:9      | Reached skill level 11 in Ice Magic
 11699 | D:9      | Reached XP level 11. HP: 91/91 MP: 0/19
 11728 | D:9      | Noticed an ogre mage
 11744 | D:9      | Killed an ogre mage
 11982 | D:9      | Found a burning altar of Makhleb.
 11985 | D:9      | Found a shattered altar of Ashenzari.
 12038 | D:9      | Noticed a two-headed ogre
 12047 | D:9      | Killed a two-headed ogre
 12287 | D:9      | Found a shadowy altar of Dithmenos.
 12290 | D:9      | Noticed a two-headed ogre
 12299 | D:9      | Killed a two-headed ogre
 12399 | D:9      | Received a gift from Nemelex Xobeh
 12839 | D:7      | Bought a scroll of identify for 26 gold pieces
 12839 | D:7      | Bought a scroll of magic mapping for 45 gold pieces
 12839 | D:7      | Bought a scroll of identify for 26 gold pieces
 12870 | D:10     | Entered Level 10 of the Dungeon
 13306 | D:10     | Received a gift from Nemelex Xobeh
 13339 | D:10     | Reached **** piety under Nemelex Xobeh
 13440 | D:10     | Received a gift from Nemelex Xobeh
 13874 | D:11     | Identified a scroll of acquirement
 13886 | D:11     | Noticed Erolcha
 13944 | D:11     | Killed Erolcha
 13944 | D:11     | Reached skill level 1 in Shields
 13944 | D:11     | Reached skill level 12 in Ice Magic
 14123 | D:11     | Noticed a purple ugly thing
 14124 | D:11     | Found a flagged portal.
 14138 | D:11     | Killed a purple ugly thing
 14183 | D:11     | Got an encrusted halberd
 14225 | Bailey   | Entered a bailey
 14225 | Bailey   | Received a gift from Nemelex Xobeh
 15509 | D:11     | Found a staircase to the Orcish Mines.
 15617 | D:11     | Reached XP level 12. HP: 82/100 MP: 6/21
 15863 | D:11     | Found a roughly hewn altar of Beogh.
 15929 | D:11     | Identified the cursed +1 halberd of the Whale {freeze, rN++} (You found it on level 11 of the Dungeon)
 16143 | D:11     | Reached ***** piety under Nemelex Xobeh
 16147 | D:11     | Gained mutation: You are weak. (Str -2) [potion of mutation]
 16147 | D:11     | Gained mutation: You are resistant to electric shocks. (rElec) [potion of mutation]
 16147 | D:11     | Gained mutation: You have a pair of small horns on your head. [potion of mutation]
 16148 | D:11     | Lost mutation: You are weak. (Str -2) [potion of mutation]
 16148 | D:11     | Lost mutation: You have a pair of small horns on your head. [potion of mutation]
 16148 | D:11     | Gained mutation: Your flesh is heat resistant. (rF+) [potion of mutation]
 16148 | D:11     | Gained mutation: Your spells are a little harder to cast, but a little more powerful. [potion of mutation]
 16148 | D:11     | Gained mutation: Your mind is acute. (Int +2) [potion of mutation]
 16206 | D:11     | Received a gift from Nemelex Xobeh
 16265 | D:11     | Found a runed door.
 16265 | D:11     | Noticed a two-headed ogre
 16267 | D:11     | Killed a two-headed ogre
 16304 | D:11     | Noticed a fire giant
 16308 | D:11     | Killed a fire giant
 16349 | D:11     | Slain by a phantasmal warrior

Skill      XL: |  1  2  3  4  5  6  7  8  9 10 11 12 |
---------------+-------------------------------------+-----
Dodging        | 2 3 4 |  4.1
Ice Magic      | 4 5 6 8 9 11 12 | 12.9
Spellcasting   | 3 5 6 7 |  7.2
Invocations    | 1 2 3 4 6 7 8 9 |  9.0
Fighting       | 1 2 4 5 6 7 |  7.0
Charms         | 1 2 3 |  3.5
Conjurations   | 2 3 4 5 7 |  7.4
Summonings     | 1 2 3 |  3.3
Shields        | 2 3 |  3.7
Stealth        | |  1.7

Action                   |  1- 3 |  4- 6 |  7- 9 | 10-12 || total
-------------------------+-------+-------+-------+-------++-------
Melee: Unarmed           |    21 |       |       |       ||    21
       Spear             |    70 |       |       |       ||    70
       Tailslap          |     4 |    11 |    50 |    41 ||   106
       Short sword       |    23 |    85 |       |       ||   108
       Hand axe          |       |    34 |       |       ||    34
       Quarterstaff      |       |    53 |   460 |   138 ||   651
       Dagger            |       |       |    45 |   200 ||   245
 Cast: Freeze            |    31 |    36 |     2 |     3 ||    72
       Ozocubu's Armour  |     1 |     5 |    15 |    11 ||    32
       Throw Icicle      |       |     5 |    50 |   162 ||   217
       Summon Ice Beast  |       |       |     9 |    17 ||    26
 Abil: Breathe Dispellin |       |       |     5 |     1 ||     6
Evoke: Deck              |       |       |       |     5 ||     5
  Use: Scroll            |     1 |     6 |    15 |     8 ||    30
       Potion            |       |     4 |    11 |     7 ||    22
 Stab: Sleeping          |     2 |       |     7 |     1 ||    10
       Distracted        |       |       |     1 |       ||     1
       Petrified         |       |       |    16 |       ||    16
       Petrifying        |       |       |     1 |       ||     1
       Paralysed         |       |       |     2 |     3 ||     5
       Confused          |       |       |     1 |       ||     1
  Eat: Chunk             |     4 |     9 |    23 |    37 ||    73
       Ration            |       |       |     3 |     5 ||     8
Armor: Skin              |    45 |    73 |   242 |   170 ||   530
Dodge: Dodged            |    66 |   133 |   353 |   263 ||   815
Block: Buckler           |       |       |       |    19 ||    19
